AoeStats
← Dwight ツ

Arena

506167435Analyzed
4v4 RM · 19d ago on Sep 12, 2026· 54m 47s· 8 players
Game mode
Random Map
Map size
Large (8 player)
Population
200
Speed
Normal
Resources
Standard
Victory
Conquest
Starting age
Dark Age
Ending age
Imperial Age
RankedLock teamsTeams togetherTeam positionsShared explorationLock speedFull tech treeHidden civsTurbo modeCheats
Victory
Defeat
🇹🇷 Bohemians · Türkiye
1200
+13
🇩🇪 Hindustanis · Germany
1170
+14
🇹🇷 Khmer · Türkiye
1158
+14
🇷🇴 Chinese · Romania
867
+26
🇪🇸 Lithuanians · Spain
1136
-17
🇳🇱 Portuguese · Netherlands
1117
-17
🇹🇷 Khmer · Türkiye
1114
-16
🇧🇪 Italians · Belgium
1109
-17
Dwight ツ
11:01 Feudal Age
9:26 Loom
15:39 Castle Age
14:14 Double-Bit Axe
21:02 Horse Collar
23:02 Wheelbarrow
23:34 Fletching
23:45 Padded Archer Armor
24:17 Heavy Plow
25:34 Bodkin Arrow
25:55 Leather Archer Armor
28:23 Bow Saw
31:36 Imperial Age
30:09 Elite Skirmisher
31:34 Forging
31:24 Scale Mail Armor
31:34 Thumb Ring
32:20 Bracer
33:39 Chemistry
33:16 Hand Cart
33:32 Conscription
32:56 Treadmill Crane
33:27 Masonry
33:12 Town Watch
34:24 Ballistics
42:12 Ring Archer Armor
42:50 Two-Man Saw
43:40 Caravan
46:17 Hoardings
47:39 Chain Mail Armor
48:00 Iron Casting
48:17 Silk Road
47:31 Pikeman
48:11 Squires
47:57 Arson
50:55 Plate Mail Armor
51:25 Blast Furnace
51:00 Crop Rotation
Fasces
9:30 Loom
11:17 Feudal Age
12:43 Double-Bit Axe
16:25 Castle Age
14:08 Horse Collar
16:01 Gold Mining
17:04 Forging
18:25 Husbandry
19:17 Heavy Plow
20:09 Wheelbarrow
20:11 Bow Saw
21:24 Bloodlines
23:12 Town Watch
24:36 Iron Casting
27:21 Scale Barding Armor
28:46 Hand Cart
28:21 Loom
29:04 Town Patrol
29:32 Chain Barding Armor
33:05 Imperial Age
30:36 Stone Mining
32:21 Chain Barding Armor
34:28 Plate Barding Armor
33:16 Cavalier
36:58 Crop Rotation
37:29 Two-Man Saw
36:45 Paladin
41:01 Fletching
43:24 Pikeman
44:06 Squires
44:44 Halberdier
45:48 Scale Mail Armor
46:22 Conscription
46:53 Chain Mail Armor
51:04 Caravan
Ageric
11:02 Feudal Age
9:43 Loom
14:59 Castle Age
13:49 Double-Bit Axe
19:08 Bow Saw
30:39 Imperial Age
28:30 Gold Mining
28:58 Fletching
31:14 Wheelbarrow
36:12 Pikeman
39:17 Scale Mail Armor
38:41 Halberdier
40:48 Chain Mail Armor
43:26 Plate Mail Armor
44:34 Hand Cart
45:51 Elite Organ Gun
49:25 Bodkin Arrow
50:11 Bracer
50:32 Masonry
50:47 Ballistics
51:31 Chemistry
51:14 Padded Archer Armor
50:47 Crossbowman
51:22 Arbalester
52:23 Leather Archer Armor
52:41 Architecture
Skafoid
11:29 Feudal Age
15:43 Castle Age
14:24 Double-Bit Axe
15:23 Loom
15:24 Town Watch
25:22 Fletching
26:24 Gold Mining
26:24 Stone Mining
28:51 Gold Shaft Mining
28:51 Stone Shaft Mining
28:03 Crossbowman
28:44 Horse Collar
30:41 Ballistics
32:59 Imperial Age
31:10 Wheelbarrow
31:42 Town Patrol
31:58 Bow Saw
31:54 Heavy Plow
32:52 Hand Cart
32:54 Bodkin Arrow
33:45 Bracer
33:07 Arbalester
34:56 Chemistry
34:38 Hoardings
34:04 Murder Holes
34:48 Crop Rotation
34:50 Padded Archer Armor
35:06 Masonry
36:27 Leather Archer Armor
36:26 Elite Skirmisher
36:33 Heavy Cavalry Archer
37:38 Parthian Tactics
38:43 Ring Archer Armor
38:42 Conscription
38:42 Masonry
38:44 Careening
38:33 Murder Holes
39:58 Elite Ballista Elephant
40:41 Double Crossbow
45:55 Scale Barding Armor
45:52 Scale Mail Armor
46:02 Forging
48:00 Caravan
48:08 Caravan
48:38 Coinage
47:37 Pikeman
48:03 Arson
48:43 Chain Mail Armor
49:03 Iron Casting
50:10 Halberdier
Azazel
10:33 Feudal Age
17:02 Castle Age
16:13 Double-Bit Axe
16:12 Horse Collar
16:24 Stone Mining
18:10 Wheelbarrow
19:48 Bow Saw
25:38 Heavy Plow
26:53 Padded Archer Armor
26:43 Fletching
29:06 Leather Archer Armor
28:47 Bodkin Arrow
30:21 Ballistics
33:41 Imperial Age
31:37 Gold Mining
32:23 Stone Shaft Mining
32:13 Hand Cart
33:50 Elite Chu Ko Nu
36:48 Chemistry
36:22 Ring Archer Armor
35:52 Bracer
36:32 Thumb Ring
35:48 Crossbowman
39:41 Man-at-Arms
41:37 Caravan
42:15 Elite Skirmisher
43:15 Squires
42:35 Pikeman
43:02 Arson
43:49 Halberdier
52:44 Two-Man Saw
52:59 Forging
52:54 Scale Mail Armor
54:52 Chain Mail Armor
54:42 Scale Barding Armor
Szorinx
8:52 Feudal Age
14:06 Castle Age
12:06 Double-Bit Axe
12:52 Horse Collar
17:40 Wheelbarrow
16:50 Loom
23:10 Bow Saw
29:10 Imperial Age
27:55 Hand Cart
27:42 Gold Mining
27:51 Stone Mining
28:24 Bloodlines
28:14 Husbandry
28:23 Scale Barding Armor
28:28 Forging
28:35 Town Watch
29:40 Chain Barding Armor
29:35 Grand Trunk Road
30:17 Conscription
29:50 Heavy Camel Rider
31:17 Gold Shaft Mining
31:17 Stone Shaft Mining
32:54 Plate Barding Armor
32:55 Iron Casting
32:56 Imperial Camel Rider
35:00 Two-Man Saw
36:19 Blast Furnace
40:15 Chemistry
39:28 Masonry
39:21 Padded Archer Armor
39:32 Shatagni
40:05 Town Patrol
41:56 Leather Archer Armor
41:32 Fletching
44:19 Ring Archer Armor
43:44 Bodkin Arrow
44:12 Ballistics
49:39 Hoardings
49:04 Murder Holes
49:16 Siege Engineers
50:49 Bracer
50:51 Caravan
51:52 Heavy Plow
Barka
0:26 Loom
11:50 Feudal Age
14:55 Castle Age
12:58 Double-Bit Axe
13:05 Horse Collar
14:47 Wheelbarrow
15:53 Heavy Plow
16:34 Bow Saw
34:38 Imperial Age
32:25 Town Watch
34:41 Hand Cart
34:48 Ballistics
35:25 Fortified Wall
37:30 Conscription
37:50 Stone Mining
37:56 Gold Mining
40:57 Gold Shaft Mining
42:42 Husbandry
42:53 Bloodlines
42:56 Light Cavalry
43:48 Double Crossbow
43:38 Hussar
46:34 Chemistry
45:38 Town Patrol
45:37 Elite Ballista Elephant
46:27 Scale Barding Armor
46:32 Forging
46:13 Fletching
47:38 Chain Barding Armor
49:29 Iron Casting
50:14 Hoardings
50:28 Masonry
50:11 Guard Tower
53:19 Plate Barding Armor
53:44 Blast Furnace
52:40 Bodkin Arrow
Nghtly
10:39 Feudal Age
12:41 Loom
16:29 Castle Age
15:39 Double-Bit Axe
20:56 Horse Collar
28:12 Imperial Age
25:58 Fletching
27:12 Wheelbarrow
26:52 Bow Saw
26:43 Heavy Plow
28:20 Chemistry
27:14 Town Watch
30:00 Pikeman
31:37 Ballistics
31:44 Squires
31:30 Arson
32:01 Forging
31:53 Scale Mail Armor
32:25 Fortified Wall
32:52 Conscription
34:03 Two-Man Saw
33:11 Halberdier
35:09 Iron Casting
34:49 Chain Mail Armor
35:31 Houfnice
38:15 Blast Furnace
37:45 Plate Mail Armor
42:41 Capped Ram
46:49 Hand Cart
47:10 Bodkin Arrow
47:16 Padded Archer Armor
48:53 Wagenburg Tactics
49:15 Bracer
49:32 Leather Archer Armor
51:22 Ring Archer Armor
51:10 Masonry
50:59 Murder Holes
52:57 Elite Skirmisher
Connection lost

Rejoining the realm…

Still unreachable

The connection could not be restored.

Session expired

The server has moved on; the page needs a fresh start.